Workbook

Sheet SSTK TSM
B2: TSM Build
B4: Ticker | C4: SSTK
B5: Price | C5: 28.7
B6: As Of | C6: 45702
B7: Basic Shares | C7: 34.860865
D10: Options | E10: WAEP | F10: In / Out | G10: Proceeds | I10: Market Capitalization
B11: RSUs | D11: 3.214 | F11: =IF(E11>$C$5,0,1) -> 1 | G11: =F11*E11*D11 -> 0 | I11: ="Current Price (as of "&TEXT(C6,"m/d/yy")&")" -> Current Price (as of 2/14/25) | L11: =C5 -> 28.7
B12: Options | D12: 0.299 | E12: 34.14 | F12: =IF(E12>$C$5,0,1) -> 0 | G12: =F12*E12*D12 -> 0 | I12: Target Price Premium / (Discount) | L12: =L13/L11-1 -> 0.0051811847
I13: Target Price | L13: 28.8487
B14: Total | D14: =SUM(D11:D13) -> 3.513 | G14: =SUM(G11:G13) -> 0 | I14: Fully-Diluted Shares | L14: =G19 -> 38.074865
B15: Total ITM | D15: =SUMPRODUCT(D11:D13,F11:F13) -> 3.214 | I15: Implied Equity Value | L15: =L13*L14 -> 1098.4104
I16: Plus: Debt | L16: =120.392+158.834 -> 279.226
B17: Shares Repurchased | G17: =G14/C5 -> 0 | I17: Plus: NCI
B18: Shares Issues (Dilution) | G18: =D15-G17 -> 3.214 | I18: Plus: Preferred
B19: Fully Diluted Shares Outstanding | G19: =C7+G18 -> 38.074865 | I19: Less: Investments in Unconsolidated Subs
I20: Less: Cash & Cash Equivalents | L20: -131.393
I21: Implied Total Enterprise Value | L21: =SUM(L15:L20) -> 1246.2434

Sheet GETY TSM
B2: TSM Build
B4: Ticker | C4: GETY
B5: Price | C5: 2.64
B6: As Of | C6: 45702
B7: Basic Shares | C7: 411.07484
D10: Options | E10: WAEP | F10: In / Out | G10: Proceeds | I10: Market Capitalization
B11: Options | D11: 0.02775 | E11: 3.45 | F11: =IF(E11>$C$5,0,1) -> 0 | G11: =F11*E11*D11 -> 0 | I11: ="Current Price (as of "&TEXT(C6,"m/d/yy")&")" -> Current Price (as of 2/14/25) | L11: =C5 -> 2.64
B12: RSUs | D12: 0.005644 | F12: =IF(E12>$C$5,0,1) -> 1 | G12: =F12*E12*D12 -> 0 | I12: Target Price Premium / (Discount) | L12: 0
B13: PSRUs | D13: 0.963 | F13: =IF(E13>$C$5,0,1) -> 1 | G13: =F13*E13*D13 -> 0 | I13: Target Price | L13: =L11*(1+L12) -> 2.64
B14: Total | D14: =SUM(D11:D13) -> 0.996394 | G14: =SUM(G11:G13) -> 0 | I14: Fully-Diluted Shares | L14: =G19 -> 412.04348
B15: Total ITM | D15: =SUMPRODUCT(D11:D13,F11:F13) -> 0.968644 | I15: Implied Equity Value | L15: =L13*L14 -> 1087.7948
I16: Plus: Debt | L16: 1349.012
B17: Shares Repurchased | G17: =G14/C5 -> 0 | I17: Plus: NCI
B18: Shares Issues (Dilution) | G18: =D15-G17 -> 0.968644 | I18: Plus: Preferred
B19: Fully Diluted Shares Outstanding | G19: =C7+G18 -> 412.04348 | I19: Less: Investments in Unconsolidated Subs
I20: Less: Cash & Cash Equivalents | L20: -109.873
I21: Implied Total Enterprise Value | L21: =SUM(L15:L20) -> 2326.9338
L25: =SUM(L16:L20) -> 1239.139
L26: 301
L27: =L25/L26 -> 4.1167409

Sheet Pro Forma Capitalization
A2: xx | B2: Pro Forma Capitalization - Consensus
C4: GETY | E4: SSTK | G4: (+ / -) | I4: Pro-Forma
B6: FDSO | C6: ='GETY TSM'!G19 -> 412.04348 | E6: ='SSTK TSM'!G19 -> 38.074865 | G6: 319.4 | I6: =C6+E6+G6 -> 769.51835
B7: Share Price | C7: ='GETY TSM'!L13 -> 2.64 | E7: ='SSTK TSM'!L13 -> 28.8487 | I7: =C7 -> 2.64
B8: Market Cap | C8: =C6*C7 -> 1087.7948 | E8: =E6*E7 -> 1098.4104 | I8: =I6*I7 -> 2031.5284
B10: Plus: Debt | C10: ='GETY TSM'!L16 -> 1349.012 | E10: ='SSTK TSM'!L16 -> 279.226 | G10: ='S&U'!F16 -> 361.71122 | I10: =C10+E10+G10 -> 1989.9492
B11: Less: Cash | C11: ='GETY TSM'!L20 -> -109.873 | E11: ='SSTK TSM'!L20 -> -131.393 | I11: =C11+E11+G11 -> -241.266
B12: TEV | C12: =SUM(C8:C11) -> 2326.9338 | E12: =SUM(E8:E11) -> 1246.2434 | I12: =SUM(I8:I11) -> 3780.2117
B14: Adj. EBITDA
B15: FY'24 | C15: 294 | E15: 250 | I15: =SUM(C15:G15) -> 544
B16: FY'25 | C16: 303 | E16: 281 | I16: =SUM(C16:G16) -> 584
B17: FY'26 | C17: 318 | E17: 316 | I17: =SUM(C17:G17) -> 634
B19: Synergized EBITDA
B20: FY'24 | C20: 294 | E20: 250 | G20: 150 | I20: =SUM(C20:G20) -> 694
B21: FY'25 | C21: 303 | E21: 281 | G21: =G20 -> 150 | I21: =SUM(C21:G21) -> 734
B22: FY'26 | C22: 318 | E22: 316 | G22: =G21 -> 150 | I22: =SUM(C22:G22) -> 784
B24: TEV / Adj. EBITDA
B25: FY'24 | C25: =$C$12/C15 -> 7.9147408 | E25: =$E$12/E15 -> 4.9849734 | I25: =$I$12/I15 -> 6.9489185
B26: FY'25 | C26: =$C$12/C16 -> 7.6796495 | E26: =$E$12/E16 -> 4.4350297 | I26: =$I$12/I16 -> 6.4729652
B27: FY'26 | C27: =$C$12/C17 -> 7.3174019 | E27: =$E$12/E17 -> 3.9438081 | I27: =$I$12/I17 -> 5.9624789
B29: TEV / Synergized Adj. EBITDA
B30: FY'24 | C30: =$C$12/C20 -> 7.9147408 | E30: =$E$12/E20 -> 4.9849734 | I30: =$I$12/I20 -> 5.4469909
B31: FY'25 | C31: =$C$12/C21 -> 7.6796495 | E31: =$E$12/E21 -> 4.4350297 | I31: =$I$12/I21 -> 5.1501521
B32: FY'26 | C32: =$C$12/C22 -> 7.3174019 | E32: =$E$12/E22 -> 3.9438081 | I32: =$I$12/I22 -> 4.8216985

Sheet S&U
A2: xx | B2: Assumptions
B3: ="GETY Share Price as of " & TEXT('SSTK TSM'!C6,"m/dd/yy") -> GETY Share Price as of 2/14/25 | C3: ='GETY TSM'!C5 -> 2.64
B4: SSTK FDSO | C4: ='SSTK TSM'!G19 -> 38.074865
B5: Shares offered per SSTK Share Exchange Ratio (Mixed Offer) | C5: 9.17
B6: Stock Portion | C6: =C5*C3 -> 24.2088
B7: Cash Paid to Shareholders | C7: 9.5
B8: Total Value (Mixed offer) | C8: =SUM(C6:C7) -> 33.7088
B9: Total Value to Shareholders | C9: =C8*C4 -> 1283.458
A12: xx | E12: Sources & Uses
E14: Sources | F14: Amount | G14: % of Total | I14: Uses | J14: Amount | K14: % of Total
E15: New Stock Issued | F15: =C3*C4*C5 -> 921.74679 | G15: =F15/$F$18 -> 0.69805716 | I15: Purchased Equity | J15: =C9 -> 1283.458 | K15: =J15/$J$18 -> 0.97198826
E16: Cash Paid to Shareholders | F16: =C7*C4 -> 361.71122 | G16: =F16/$F$18 -> 0.27393109 | I16: Transaction Expenses | J16: =Model!E14 -> 30 | K16: =J16/$J$18 -> 0.022719596
E17: Additional Debt | F17: =F18-SUM(F15:F16) -> 36.987992 | G17: =F17/$F$18 -> 0.028011741 | I17: Cash CiC Payments | J17: =SUM(O44,P44,R44,S44)/1000000 -> 6.987992 | K17: =J17/$J$18 -> 0.0052921452
E18: Total Sources | F18: =J18 -> 1320.446 | G18: =F18/$F$18 -> 1 | I18: Total Uses | J18: =SUM(J15:J17) -> 1320.446 | K18: =J18/$J$18 -> 1
A25: xx | N25: Change in Control Payments
N27: Named Executive Cause of Termination | O27: Cash Severance Payment ($) | P27: Pro-Rata Bonus ($)(1) | Q27: Acceleration of Equity Awards ($)(2) | R27: Continued Participation in Medical & Dental Benefit Plans ($) | S27: Outplacement Benefits ($) | T27: Total ($)
N28: Jonathan Oringer
N29: Change in Control(3) | O29: 0 | P29: 0 | Q29: 11595552 | R29: 33878 | S29: 5000 | T29: 11634431
N30: Termination by Company without "cause" | O30: 0 | P30: 0 | Q30: 3097597 | R30: 33878 | S30: 5000 | T30: 3136475
N31: Death or disability | O31: 0 | P31: 0 | Q31: 0 | R31: 0 | S31: 0 | T31: 0
N32: Paul Hennessy
N33: Change in Control(3) | O33: 1050000 | P33: 700000 | Q33: 20088487 | R33: 22362 | S33: 0 | T33: 21860849
N34: Termination by Company without "cause" | O34: 700000 | P34: 700000 | Q34: 14802020 | R34: 22362 | S34: 0 | T34: 16224382
N35: Death or disability | O35: 0 | P35: 0 | Q35: 0 | R35: 0 | S35: 0 | T35: 0
N36: Jarrod Yahes
N37: Change in Control(3) | O37: 550000 | P37: 440000 | Q37: 4011585 | R37: 33878 | S37: 0 | T37: 5035464
N38: Termination by Company without "cause" | O38: 550000 | P38: 440000 | Q38: 1756282 | R38: 33878 | S38: 0 | T38: 2780160
N39: Death or disability | O39: 0 | P39: 0 | Q39: 0 | R39: 0 | S39: 0 | T39: 0
N40: John Caine
N41: Change in Control(3) | O41: 500000 | P41: 300000 | Q41: 4947638 | R41: 33878 | S41: 0 | T41: 5781516
N42: Termination by Company without "cause" | O42: 500000 | P42: 300000 | Q42: 1372311 | R42: 33878 | S42: 0 | T42: 2206189
N43: Death or disability | O43: 0 | P43: 0 | Q43: 0 | R43: 0 | S43: 0 | T43: 0
N44: Total | O44: =SUM(O29:O43) -> 3850000 | P44: =SUM(P29:P43) -> 2880000 | Q44: =SUM(Q29:Q43) -> 61671472 | R44: =SUM(R29:R43) -> 247992 | S44: =SUM(S29:S43) -> 10000 | T44: =SUM(T29:T43) -> 68659466
N45: Source

Sheet Financing
A4: xx | C4: Shutterstock Debt
D5: Principal | E5: 9/30 outstanding | F5: Interest Rate | G5: Unused Commitment Fee | H5: Maturity
C6: Revolver - A&R Credit Agreement | D6: 250 | E6: 155 | F6: 175 | G6: 0.0025 | H6: 2029
C7: Term Loan - A&R Credit Facility | D7: 125 | E7: =120.392+3.834 -> 124.226 | F7: 175 | H7: 2029
A10: xx | C10: Getty Debt
D11: Principal | E11: 9/30 outstanding | F11: Interest Rate | G11: Unused Commitment Fee | H11: Maturity
C12: Revolving Credit Facility | D12: 150 | E12: 0 | F12: 0.1 | G12: =0.4/150 -> 0.0026666667 | H12: 46877
C13: Senior Notes | E13: 300 | F13: 0.0975 | H13: 46447
C14: USD Term Loans | E14: 581.8 | F14: 450 | H14: 2026
C15: EUR Term Loans | E15: 467.611 | F15: 500 | H15: 2026
C17: New Debt | F17: 0.115

Sheet Model
A2: xx | B2: Assumptions
B4: Case (1 = CONS, 2 = Downside) | E4: 1
B5: SSTK - ETR | E5: 0.35
B6: Stub | E6: 0.5
B7: Paydown? (0=No) | E7: 0
B8: Synergies 2025E | E8: 25
B9: Synergies 2026E | E9: 75
B10: Cash Paid to SSTK Shareholders | E10: 9.5
B11: SSTK FDSO | E11: ='SSTK TSM'!G19 -> 38.074865
B12: Total Cash to Shareholders | E12: =E10*E11 -> 361.71122
B13: CiC Payments | E13: ='S&U'!J17 -> 6.987992
B14: Transaction Expenses | E14: 30
B15: Total Cash Outlay at Closing | E15: =SUM(E12:E14) -> 398.69921
C17: 2024 | D17: =C17+1 -> 2025 | E17: =D17+1 -> 2026 | G17: CAGR
B19: ACTIVE CASE
B20: Sales
B21: Getty Images | C21: =CHOOSE($E$4,C37,C59) -> 937 | D21: =CHOOSE($E$4,D37,D59) -> 958 | E21: =CHOOSE($E$4,E37,E59) -> 990 | G21: =RATE(2,,-C21,E21) -> 0.027892748
B22: Shutterstock | C22: =CHOOSE($E$4,C38,C60) -> 939 | D22: =CHOOSE($E$4,D38,D60)*$E$6 -> 528 | E22: =CHOOSE($E$4,E38,E60) -> 1102 | G22: =RATE(2,,-C22,E22) -> 0.083323093
B23: Combined | C23: =SUM(C21:C22) -> 1876 | D23: =SUM(D21:D22) -> 1486 | E23: =SUM(E21:E22) -> 2092 | G23: =RATE(2,,-C23,E23) -> 0.056001228
B25: EBITDA
B26: Getty Images | C26: =CHOOSE($E$4,C42,C64) -> 294 | D26: =CHOOSE($E$4,D42,D64) -> 303 | E26: =CHOOSE($E$4,E42,E64) -> 318 | G26: =RATE(2,,-C26,E26) -> 0.040015698
B27: Shutterstock | C27: =CHOOSE($E$4,C43,C65) -> 250 | D27: =CHOOSE($E$4,D43,D65)*$E$6 -> 140.5 | E27: =CHOOSE($E$4,E43,E65) -> 316 | G27: =RATE(2,,-C27,E27) -> 0.12427755
B28: Combined | C28: =SUM(C26:C27) -> 544 | D28: =SUM(D26:D27) -> 443.5 | E28: =SUM(E26:E27) -> 634 | G28: =RATE(2,,-C28,E28) -> 0.079556009
B30: EBITDA Margin %
B31: Getty Images | C31: =C26/C21 -> 0.31376734 | D31: =D26/D21 -> 0.31628392 | E31: =E26/E21 -> 0.32121212
B32: Shutterstock | C32: =C27/C22 -> 0.26624068 | D32: =D27/D22 -> 0.26609848 | E32: =E27/E22 -> 0.28675136
B33: Combined | C33: =C28/C23 -> 0.28997868 | D33: =D28/D23 -> 0.29845222 | E33: =E28/E23 -> 0.30305927
B35: CONSENSUS
B36: Consensus Sales
B37: Getty Images | C37: 937 | D37: 958 | E37: 990 | G37: =RATE(2,,-C37,E37) -> 0.027892748
B38: Shutterstock | C38: 939 | D38: =1056 -> 1056 | E38: 1102 | G38: =RATE(2,,-C38,E38) -> 0.083323093
B39: Combined | C39: =SUM(C37:C38) -> 1876 | D39: =SUM(D37:D38) -> 2014 | E39: =SUM(E37:E38) -> 2092 | G39: =RATE(2,,-C39,E39) -> 0.056001228
B41: Consensus EBITDA
B42: Getty Images | C42: 294 | D42: 303 | E42: 318 | G42: =RATE(2,,-C42,E42) -> 0.040015698
B43: Shutterstock | C43: 250 | D43: =281 -> 281 | E43: 316 | G43: =RATE(2,,-C43,E43) -> 0.12427755
B44: Combined | C44: =SUM(C42:C43) -> 544 | D44: =SUM(D42:D43) -> 584 | E44: =SUM(E42:E43) -> 634 | G44: =RATE(2,,-C44,E44) -> 0.079556009
B46: Consensus Sales Growth
B47: Getty Images | D47: =D37/C37-1 -> 0.022411953 | E47: =E37/D37-1 -> 0.033402923
B48: Shutterstock | D48: =D38/C38-1 -> 0.12460064 | E48: =E38/D38-1 -> 0.043560606
B49: Combined | D49: =D39/C39-1 -> 0.073560768 | E49: =E39/D39-1 -> 0.038728898
B51: Consensus EBITDA Margin
B52: Getty Images | C52: =C42/C37 -> 0.31376734 | D52: =D42/D37 -> 0.31628392 | E52: =E42/E37 -> 0.32121212
B53: Shutterstock | C53: =C43/C38 -> 0.26624068 | D53: =D43/D38 -> 0.26609848 | E53: =E43/E38 -> 0.28675136
B54: Combined | C54: =C44/C39 -> 0.28997868 | D54: =D44/D39 -> 0.28997021 | E54: =E44/E39 -> 0.30305927
B57: DOWNSIDE CASE
B58: Sales - Downside Case
B59: Getty Images | C59: 937 | D59: =C59*(1+D69) -> 946.37 | E59: =D59*(1+E69) -> 955.8337 | G59: =RATE(2,,-C59,E59) -> 0.01
B60: Shutterstock | C60: 939 | D60: =C60*(1+D70) -> 995.34 | E60: =D60*(1+E70) -> 1015.2468 | G60: =RATE(2,,-C60,E60) -> 0.039807675
B61: Combined | C61: =SUM(C59:C60) -> 1876 | D61: =SUM(D59:D60) -> 1941.71 | E61: =SUM(E59:E60) -> 1971.0805 | G61: =RATE(2,,-C61,E61) -> 0.025028082
B63: EBITDA - Downside Case
B64: Getty Images | C64: =C59*C74 -> 294 | D64: =D59*D74 -> 293.3747 | E64: =E59*E74 -> 296.30845 | G64: =RATE(2,,-C64,E64) -> 0.0039182539
B65: Shutterstock | C65: =C60*C75 -> 250 | D65: =D60*D75 -> 268.7418 | E65: =E60*E75 -> 274.11664 | G65: =RATE(2,,-C65,E65) -> 0.047122984
B66: Combined | C66: =SUM(C64:C65) -> 544 | D66: =SUM(D64:D65) -> 562.1165 | E66: =SUM(E64:E65) -> 570.42508 | G66: =RATE(2,,-C66,E66) -> 0.023999766
B68: Consensus Sales Growth
B69: Getty Images | D69: 0.01 | E69: 0.01
B70: Shutterstock | D70: 0.06 | E70: 0.02
B71: Combined | D71: =D61/C61-1 -> 0.035026652 | E71: =E61/D61-1 -> 0.0151261
B73: Consensus EBITDA Margin
B74: Getty Images | C74: 0.31376734 | D74: 0.31 | E74: 0.31
B75: Shutterstock | C75: 0.26624068 | D75: 0.27 | E75: 0.27
B76: Combined | C76: =C66/C61 -> 0.28997868 | D76: =D66/D61 -> 0.2894956 | E76: =E66/E61 -> 0.28939715
B78: Synergies | C78: 0 | D78: =E8 -> 25 | E78: =E9 -> 75
B80: EBITDA (Synergized) | C80: =C28+C78 -> 544 | D80: =D28+D78 -> 468.5 | E80: =E28+E78 -> 709
B82: D&A
B83: Getty Images | C83: 72 | D83: 79 | E83: 84
B84: Shutterstock | C84: 176 | D84: =176*$E$6 -> 88 | E84: 174
B85: Combined | C85: =C28-C90 -> 248 | D85: =D28-D90 -> 167 | E85: =E28-E90 -> 258
B87: EBIT
B88: Getty Images | C88: =C26-C83 -> 222 | D88: =D26-D83 -> 224 | E88: =E26-E83 -> 234
B89: Shutterstock | C89: =C27-C84 -> 74 | D89: =D27-D84 -> 52.5 | E89: =E27-E84 -> 142
B90: Combined | C90: =SUM(C88:C89) -> 296 | D90: =SUM(D88:D89) -> 276.5 | E90: =SUM(E88:E89) -> 376
B92: Interest
B93: Getty Images | C93: -130
B94: Shutterstock | C94: =-4.5*4 -> -18
B95: Combined | C95: =SUM(C93:C94) -> -148 | D95: =D197 -> -133.35583 | E95: =E197 -> -148.56784
B97: EBT | C97: =C90+C95 -> 148 | D97: =D90+D95 -> 143.14417 | E97: =E90+E95 -> 227.43216
B98: Taxes | C98: =C97*-$E$5 -> -51.8 | D98: =D97*-$E$5 -> -50.100459 | E98: =E97*-$E$5 -> -79.601255
B99: Net Income | C99: =SUM(C97:C98) -> 96.2 | D99: =SUM(D97:D98) -> 93.043709 | E99: =SUM(E97:E98) -> 147.8309
B101: Adj. EPS | C101: =C99/C102 -> 0.12501326 | D101: =D99/D102 -> 0.12091162 | E101: =E99/E102 -> 0.19210835
B102: Memo: FDSO | C102: ='Pro Forma Capitalization'!I6 -> 769.51835 | D102: =C102 -> 769.51835 | E102: =D102 -> 769.51835
L103: Consensus EPS | M103: MergeCo.
B104: Consensus Adj. EPS | D104: 0.13 | E104: 0.14 | L104: 0.14 | M104: =E101 -> 0.19210835
M105: =M104/L104-1 -> 0.37220251
B110: CapEx
B111: Getty Images | C111: -57 | D111: -60 | E111: -61
B112: Shutterstock | C112: -54 | D112: =-62*$E$6 -> -31 | E112: -67
B113: Combined | C113: =SUM(C111:C112) -> -111 | D113: =SUM(D111:D112) -> -91 | E113: =SUM(E111:E112) -> -128
B115: Change in NWC
B116: Getty Images | C116: =C21*0.5% -> 4.685 | D116: =D21*0.5% -> 4.79 | E116: =E21*0.5% -> 4.95
B117: Shutterstock | C117: =C22*0.5% -> 4.695 | D117: =D22*0.5%*$E$6 -> 1.32 | E117: =E22*0.5% -> 5.51
B118: Combined | C118: =SUM(C116:C117) -> 9.38 | D118: =SUM(D116:D117) -> 6.11 | E118: =SUM(E116:E117) -> 10.46
B121: Debt Schedule
D122: 2025 | E122: =D122+1 -> 2026
B124: EBITDA | D124: =D80 -> 468.5 | E124: =E80 -> 709
B125: Less: Interest | D125: =D95 -> -133.35583 | E125: =E95 -> -148.56784
B126: Less: Tax | D126: =D98 -> -50.100459 | E126: =E98 -> -79.601255
B127: Less: CapEx | D127: =D113 -> -91 | E127: =E113 -> -128
B128: Less: Change in NWC | D128: =D118 -> 6.11 | E128: =E118 -> 10.46
B129: Less: Cash outlay at SSTK merger closing | D129: =-E15 -> -398.69921
B130: Levered Free Cash Flow | D130: =SUM(D124:D129) -> -198.5455 | E130: =SUM(E124:E129) -> 363.2909
...

Sheet Value Creation
A2: xx | C2: Value Creation
D3: 2024 | E3: =D3+1 -> 2025 | F3: =E3+1 -> 2026
C4: Getty Images EBITDA | D4: =Model!C26 -> 294 | E4: =Model!D26 -> 303 | F4: =Model!E26 -> 318
C5: Shutterstock EBITDA | D5: =Model!C27 -> 250 | E5: =Model!D27/Model!$E$6 -> 281 | F5: =Model!E27 -> 316
C6: Synergies | E6: 25 | F6: 75
C7: Synergized EBITDA | D7: =SUM(D4:D6) -> 544 | E7: =SUM(E4:E6) -> 609 | F7: =SUM(F4:F6) -> 709
C9: TEV / EBITDA Multiple | D9: =K40 -> 6.1140752 | E9: =D9 -> 6.1140752 | F9: =E9 -> 6.1140752
C11: TEV | D11: =D7*D9 -> 3326.0569 | E11: =E7*E9 -> 3723.4718 | F11: =F7*F9 -> 4334.8793
C13: Less: Net Debt | D13: =SUM('Pro Forma Capitalization'!I10:I11) -> 1748.6832 | E13: =Model!D200 -> 1585.9165 | F13: =Model!E200 -> 1222.6256
C15: Equity Value | D15: =D11-D13 -> 1577.3737 | E15: =E11-E13 -> 2137.5553 | F15: =F11-F13 -> 3112.2537
C17: Ownership
C18: Getty Images | E18: 0.547 | F18: =E18 -> 0.547
C19: Shutterstock | E19: =1-E18 -> 0.453 | F19: =E19 -> 0.453
C21: Getty Images EqV | E21: =E15*E18 -> 1169.2428 | F21: =F15*F18 -> 1702.4028
C22: Current Getty EqV | E22: ='GETY TSM'!L15 -> 1087.7948 | F22: =E22 -> 1087.7948
C24: Value Creation ($) | E24: =E21-E22 -> 81.447962 | F24: =F21-F22 -> 614.608
C25: Value Creation (%) | E25: =E21/E22-1 -> 0.074874382 | F25: =F21/F22-1 -> 0.56500362
C27: FDSO | E27: =Model!D102 -> 769.51835 | F27: =Model!E102 -> 769.51835
C28: Implied Share Price | E28: =E15/E27 -> 2.7777834 | F28: =F15/F27 -> 4.0444178
C30: IRR Calculation
E31: 45702 | F31: 46203
E32: =-'GETY TSM'!L11 -> -2.64 | F32: =F28 -> 4.0444178
C34: IRR | F34: =XIRR(E32:F32,E31:F31,10%) -> 0.36447033
A37: xx | I37: 2025 EBITDA | J37: TEV | K37: TEV/EBITDA
H38: Getty | I38: =E4 -> 303 | J38: ='Pro Forma Capitalization'!C12 -> 2326.9338 | K38: 7.6712098
H39: Shutterstock | I39: =E5 -> 281 | J39: ='Pro Forma Capitalization'!E12 -> 1246.2434 | K39: 4.4350297
H40: Weighted Average Multiple | K40: =SUMPRODUCT(I38:I39,K38:K39)/SUM(I38:I39) -> 6.1140752 | M40: IRR Sensitivities
A42: xx | O42: Getty Images EV / NTM EBITDA
N43: =F34 -> 0.36447033 | O43: 6.25 | P43: =O43+0.25 -> 6.5 | Q43: =P43+0.25 -> 6.75 | R43: =Q43+0.25 -> 7 | S43: =R43+0.25 -> 7.25 | T43: =S43+0.25 -> 7.5 | U43: =T43+0.25 -> 7.75 | V43: =U43+0.25 -> 8 | W43: =V43+0.25 -> 8.25
M44: Shutterstock EV / NTM EBITDA | N44: 2.75 | O44: -0.0060723513 | P44: 0.026781467 | Q44: 0.059248099 | R44: 0.091348043 | S44: 0.12309993 | T44: 0.15452074 | U44: 0.18562608 | V44: 0.21643024 | W44: 0.2469464
F45: Current | G45: 2.64 | N45: =N44+0.25 -> 3 | O45: 0.024409333 | P45: 0.056903365 | Q45: 0.089029285 | R45: 0.12080585 | S45: 0.15225016 | T45: 0.18337792 | U45: 0.21420348 | V45: 0.24474013 | W45: 0.27500015
F46: Downside | G46: 2.06 | N46: =N45+0.25 -> 3.25 | O46: 0.054556695 | P46: 0.086708692 | Q46: 0.11851003 | R46: 0.14997792 | S46: 0.18112815 | T46: 0.2119752 | U46: 0.24253241 | V46: 0.27281211 | W46: 0.30282573
F47: Upside | G47: =S83 -> 4.6111628 | N47: =N46+0.25 -> 3.5 | O47: 0.084386244 | P47: 0.11621245 | Q47: 0.147704 | R47: 0.1788768 | S47: 0.20974539 | T47: 0.24032322 | U47: 0.27062268 | V47: 0.30065525 | W47: 0.3304316
N48: =N47+0.25 -> 3.75 | O48: 0.11391309 | P48: 0.1454284 | Q48: 0.17662384 | R48: 0.20751405 | S48: 0.23811256 | T48: 0.26843184 | U48: 0.29848341 | V48: 0.32827802 | W48: 0.35782565
F49: Risk / Reward | G49: =(G47-G45)/(G45-G46) -> 3.3985566 | N49: =N48+0.25 -> 4 | O49: 0.14315111 | P49: 0.17436927 | Q49: 0.20528118 | R49: 0.23590043 | S49: 0.26623958 | T49: 0.29631023 | U49: 0.32612315 | V49: 0.35568839 | W49: 0.38501529
N50: =N49+0.25 -> 4.25 | O50: 0.17211308 | P50: 0.20304676 | Q50: 0.23368683 | R50: 0.26404591 | S50: 0.29413568 | T50: 0.32396697 | U50: 0.35354988 | V50: 0.38289378 | W50: 0.41200747
A53: xx | H53: =100/150 -> 0.66666667 | O53: Pro Forma EV / NTM EBITDA
N54: =F34 -> 0.36447033 | O54: 4.5 | P54: =O54+0.5 -> 5 | Q54: =P54+0.5 -> 5.5 | R54: =Q54+0.5 -> 6 | S54: =R54+0.5 -> 6.5 | T54: =S54+0.5 -> 7 | U54: =T54+0.5 -> 7.5 | V54: =U54+0.5 -> 8 | W54: =V54+0.5 -> 8.5
M55: 2026 Synergies Realized | N55: -10 | O55: -0.16527689 | P55: -0.048553821 | Q55: 0.063047758 | R55: 0.17043646 | S55: 0.27426763 | T55: 0.37503409 | U55: 0.4731185 | V55: 0.56882573 | W55: 0.66240373
N56: 10 | O56: -0.13101372 | P56: -0.012276408 | Q56: 0.10135202 | R56: 0.21076271 | S56: 0.31660207 | T56: 0.41935832 | U56: 0.51941188 | V56: 0.61706663 | W56: 0.7125703
N57: 35 | O57: -0.088878825 | P57: 0.032384923 | Q57: 0.14854638 | R57: 0.26047842 | S57: 0.36881829 | T57: 0.47404965 | U57: 0.5765508 | V57: 0.67662492 | W57: 0.77451981
N58: 75 | O58: -0.022925887 | P58: 0.10238969 | Q58: 0.2225965 | R58: 0.33854478 | S58: 0.45086079 | T58: 0.56002308 | U58: 0.66640801 | V58: 0.77031852 | W58: 0.87200311
N59: 100 | O59: 0.017460456 | P59: 0.14530916 | Q59: 0.26803657 | R59: 0.38648202 | S59: 0.5012667 | T59: 0.61286712 | U59: 0.72165912 | V59: 0.82794596 | W59: 0.93197693
N60: 125 | O60: 0.057257953 | P60: 0.18763739 | Q60: 0.31287772 | R60: 0.43380936 | S60: 0.55104963 | T60: 0.66507365 | U60: 0.77625719 | V60: 0.88490416 | W60: 0.99126478
N61: 150 | O61: 0.096504778 | P61: 0.22941069 | Q61: 0.35715521 | R61: 0.48056152 | S61: 0.60024406 | T61: 0.71667715 | U61: 0.8302369 | V61: 0.94122804 | W61: 1.049902
M64: 2026E Share Price Sensitivities
O66: Getty Images EV / NTM EBITDA
N67: =F28 -> 4.0444178 | O67: 6.25 | P67: =O67+0.25 -> 6.5 | Q67: =P67+0.25 -> 6.75 | R67: =Q67+0.25 -> 7 | S67: =R67+0.25 -> 7.25 | T67: =S67+0.25 -> 7.5 | U67: =T67+0.25 -> 7.75 | V67: =U67+0.25 -> 8 | W67: =V67+0.25 -> 8.25
M68: Shutterstock EV / NTM EBITDA | N68: 2.75 | O68: 2.6180207 | P68: 2.7375287 | Q68: 2.8570368 | R68: 2.9765448 | S68: 3.0960528 | T68: 3.2155608 | U68: 3.3350688 | V68: 3.4545769 | W68: 3.5740849
N69: =N68+0.25 -> 3 | O69: 2.7288516 | P69: 2.8483596 | Q69: 2.9678676 | R69: 3.0873757 | S69: 3.2068837 | T69: 3.3263917 | U69: 3.4458997 | V69: 3.5654077 | W69: 3.6849157
N70: =N69+0.25 -> 3.25 | O70: 2.8396825 | P70: 2.9591905 | Q70: 3.0786985 | R70: 3.1982065 | S70: 3.3177145 | T70: 3.4372226 | U70: 3.5567306 | V70: 3.6762386 | W70: 3.7957466
N71: =N70+0.25 -> 3.5 | O71: 2.9505133 | P71: 3.0700214 | Q71: 3.1895294 | R71: 3.3090374 | S71: 3.4285454 | T71: 3.5480534 | U71: 3.6675614 | V71: 3.7870695 | W71: 3.9065775
N72: =N71+0.25 -> 3.75 | O72: 3.0613442 | P72: 3.1808522 | Q72: 3.3003602 | R72: 3.4198683 | S72: 3.5393763 | T72: 3.6588843 | U72: 3.7783923 | V72: 3.8979003 | W72: 4.0174084
N73: =N72+0.25 -> 4 | O73: 3.1721751 | P73: 3.2916831 | Q73: 3.4111911 | R73: 3.5306991 | S73: 3.6502071 | T73: 3.7697152 | U73: 3.8892232 | V73: 4.0087312 | W73: 4.1282392
N74: =N73+0.25 -> 4.25 | O74: 3.2830059 | P74: 3.402514 | Q74: 3.522022 | R74: 3.64153 | S74: 3.761038 | T74: 3.880546 | U74: 4.0000541 | V74: 4.1195621 | W74: 4.2390701
O77: Pro Forma EV / NTM EBITDA
N78: =F28 -> 4.0444178 | O78: 4.5 | P78: =O78+0.5 -> 5 | Q78: =P78+0.5 -> 5.5 | R78: =Q78+0.5 -> 6 | S78: =R78+0.5 -> 6.5 | T78: =S78+0.5 -> 7 | U78: =T78+0.5 -> 7.5 | V78: =U78+0.5 -> 8 | W78: =V78+0.5 -> 8.5
M79: 2026 Synergies Realized | N79: -10 | O79: 2.0602165 | P79: 2.4656649 | Q79: 2.8711134 | R79: 3.2765618 | S79: 3.6820102 | T79: 4.0874586 | U79: 4.492907 | V79: 4.8983555 | W79: 5.3038039
N80: 10 | O80: 2.1771728 | P80: 2.5956163 | Q80: 3.0140599 | R80: 3.4325035 | S80: 3.850947 | T80: 4.2693906 | U80: 4.6878342 | V80: 5.1062777 | W80: 5.5247213
N81: 35 | O81: 2.3233681 | P81: 2.7580556 | Q81: 3.1927431 | R81: 3.6274306 | S81: 4.0621181 | T81: 4.4968056 | U81: 4.9314931 | V81: 5.3661806 | W81: 5.8008681
N82: 75 | O82: 2.5572807 | P82: 3.0179585 | Q82: 3.4786362 | R82: 3.939314 | S82: 4.3999918 | T82: 4.8606696 | U82: 5.3213473 | V82: 5.7820251 | W82: 6.2427029
N83: 100 | O83: 2.703476 | P83: 3.1803977 | Q83: 3.6573194 | R83: 4.1342411 | S83: 4.6111628 | T83: 5.0880845 | U83: 5.5650062 | V83: 6.0419279 | W83: 6.5188496
N84: 125 | O84: 2.8496714 | P84: 3.342837 | Q84: 3.8360026 | R84: 4.3291683 | S84: 4.8223339 | T84: 5.3154995 | U84: 5.8086651 | V84: 6.3018308 | W84: 6.7949964
N85: 150 | O85: 2.9958667 | P85: 3.5052763 | Q85: 4.0146858 | R85: 4.5240954 | S85: 5.0335049 | T85: 5.5429145 | U85: 6.0523241 | V85: 6.5617336 | W85: 7.0711432
Z88: Share Prices
AA89: 2024E | AB89: 2025E | AC89: 2026E
Z90: Getty Images EBITDA | AA90: =D4 -> 294 | AB90: =E4 -> 303 | AC90: =F4 -> 318
Z91: TEV/EBITDA | AB91: =K38 -> 7.6712098 | AC91: =AB91 -> 7.6712098
Z92: EV | AB92: =AB91*AB90 -> 2324.3766 | AC92: =AC91*AC90 -> 2439.4447
Z93: Less: Net Debt | AB93: =-SUM('GETY TSM'!L16:L20) -> -1239.139 | AC93: =AB93 -> -1239.139
Z94: EqV | AB94: =SUM(AB92:AB93) -> 1085.2376 | AC94: =SUM(AC92:AC93) -> 1200.3057
Z95: FDSO | AB95: ='GETY TSM'!G19 -> 412.04348 | AC95: =AB95 -> 412.04348
Z96: Getty Images - Standalone | AA96: 2.1 | AB96: =AB94/AB95 -> 2.6337938 | AC96: =AC94/AC95 -> 2.913056
Z98: Shutterstock Images EBITDA | AA98: =D5 -> 250 | AB98: =E5 -> 281 | AC98: =F5 -> 316
Z99: TEV/EBITDA | AB99: =K39 -> 4.4350297 | AC99: =AB99 -> 4.4350297
Z100: EV | AB100: =AB99*AB98 -> 1246.2434 | AC100: =AC99*AC98 -> 1401.4694
Z101: Less: Net Debt | AB101: =-SUM('SSTK TSM'!L16:L20) -> -147.833 | AC101: =AB101 -> -147.833
Z102: EqV | AB102: =SUM(AB100:AB101) -> 1098.4104 | AC102: =SUM(AC100:AC101) -> 1253.6364
Z103: FDSO | AB103: ='SSTK TSM'!G19 -> 38.074865 | AC103: =AB103 -> 38.074865
Z104: Shutterstock - Standalone | AA104: 30.35 | AB104: =AB102/AB103 -> 28.8487 | AC104: =AC102/AC103 -> 32.925564
Z106: MergeCo - Consensus | AA106: =AA96 -> 2.1 | AB106: 2.7777834 | AC106: 4.0444178
Z107: MergeCo - Downside | AA107: =AA106 -> 2.1 | AB107: =E28 -> 2.7777834 | AC107: =F28 -> 4.0444178

Sheet Exchange Ratio
B3: Date | C3: GETY | D3: SSTK | E3: Exchange Ratio
B4: 45702 | C4: 2.78 | D4: 29.63 | E4: =D4/C4 -> 10.658273
B5: 45657 | C5: 2.1 | D5: 30.7 | E5: =D5/C5 -> 14.619048
B6: 45565 | C6: 3.84 | D6: 35.47 | E6: =D6/C6 -> 9.2369792
B7: 45473 | C7: 3.19 | D7: 38.56 | E7: =D7/C7 -> 12.087774
B8: 45382 | C8: 3.53 | D8: 46.15 | E8: =D8/C8 -> 13.073654
B9: 45291 | C9: 5.02 | D9: 48.28 | E9: =D9/C9 -> 9.6175299
